 Dungeon Crawl Stone Soup version 0.27.0-1-g7a089689b8 (webtiles) character file.

Game seed: 18374320684825055641

18 shadowrider38 the Chopper (level 2, 0/27 HPs)
             Began as a Minotaur Berserker on Aug 1, 2021.
             Was a Follower of Trog.
             Slain by an adder (3 damage)
             ... on level 2 of the Dungeon.
             The game lasted 00:01:12 (1044 turns).

shadowrider38 the Chopper (Minotaur Berserker)      Turns: 1044, Time: 00:01:13

Health: 0/27       AC:  8    Str: 21    XL:     2   Next: 48%
Magic:  1/1        EV:  3    Int:  4    God:    Trog [*.....]
Gold:   23         SH: 11    Dex:  9    Spells: 1/1 levels left

rFire    . . .     SeeInvis .   a - +0 hand axe
rCold    . . .     Faith    .   d - +0 tower shield
rNeg     . . .     Spirit   .   f - +0 chain mail
rPois    .         Reflect  .   (helmet restricted)
rElec    .         Harm     .   (no cloak)
rCorr    .         Rampage  .   (no gloves)
Will     .....                  (no boots)
Stlth    ..........             (no amulet)
HPRegen  0.09/turn              (no ring)
MPRegen  0.07/turn              (no ring)

@: lethally poisoned (0 -> -2)
A: horns 2, retaliatory headbutt
a: Renounce Religion, Berserk


You were on level 2 of the Dungeon.
You worshipped Trog.
Trog was aware of your devotion.
You visited 1 branch of the dungeon, and saw 2 of its levels.

You collected 23 gold pieces.

Inventory:

Hand Weapons
 a - a +0 hand axe (weapon)
Armour
 d - a +0 tower shield (worn)
 f - a +0 chain mail (worn)
Scrolls
 b - a scroll of summoning {unknown}
 h - a scroll of amnesia {unknown}
 j - a scroll of noise {unknown}
Potions
 c - a potion of invisibility {unknown}
 e - a potion of flight {unknown}
 g - a potion of might {unknown}
 i - 2 potions of berserk rage {unknown}


   Skills:
 + Level 4.0 Fighting
 + Level 4.1 Axes
 + Level 2.6 Armour
 + Level 2.3 Dodging


You had one spell level left.
You didn't know any spells.
Your spell library was empty.

Dungeon Overview and Level Annotations

Branches:
Dungeon (2/15)

Altars:


Innate Abilities, Weirdness & Mutations

You have a pair of horns on your head.
You reflexively headbutt those who attack you in melee.


Message History

There is an open door here.
j - a scroll labelled SIHOANL FOCUON
Found a stone staircase leading up.
An adder comes into view.
An adder is nearby!
An adder is nearby!
An adder is nearby!
An adder is nearby!
The adder bites you.
You are poisoned.
The adder poisons you!
You closely miss the adder. Your headbutt misses the adder.
You feel sick. You block the adder's attack.
The adder bites you but does no damage.
Your shield prevents you from hitting the adder.
You feel sick. You block the adder's attack. The adder bites you.
You block the adder's attack.
You hit the adder but do no damage.
You feel sick. The adder bites you.
You are more poisoned.
The adder poisons you! The adder bites you.
You are too injured to fight recklessly!
You are too injured to fight recklessly!
You closely miss the adder. Your headbutt misses the adder.
You feel sick. You block the adder's attack.
The adder bites you but does no damage.
You miss the adder. Your headbutt misses the adder.
You feel sick. The adder bites you but does no damage. The adder bites you.
* * * LOW HITPOINT WARNING * * *
You are more poisoned.
The adder poisons you!
You barely miss the adder.
* * * LOW HITPOINT WARNING * * *
You feel sick. The adder barely misses you. You furiously retaliate!
You headbutt the adder! The adder bites you but does no damage.
You fail to use your ability.
* * * LOW HITPOINT WARNING * * *
You feel sick. You block the adder's attack.
You closely miss the adder. Your headbutt misses the adder.
The adder is almost dead.
* * * LOW HITPOINT WARNING * * *
You feel sick. The adder bites you.
You die...

# #....# #.####
###+###'### ..........#
#+##### ..........#
....... ..........#
....... ######......##
.......##<####......####
#.....S@................
###.#####.#####.........
#.#####.#####.........
#.....................
#.................####
#.................#
#.................#
..................#
#.................#


You could see an adder.

Vanquished Creatures
  A dart slug (D:1)
  3 endoplasms
  2 goblins
  A hobgoblin (D:1)
  A quokka (D:1)
  A bat (D:1)
  3 frilled lizards (D:1)
  2 kobolds (D:1)
  A rat (D:1)
15 creatures vanquished.

Notes
Turn   | Place    | Note
-------+----------+-------------------------------------------
     0 | D:1      | shadowrider38 the Minotaur Berserker began the quest for
                  | the Orb.
     0 | D:1      | Reached XP level 1. HP: 19/19 MP: 0/0
   454 | D:1      | Reached XP level 2. HP: 12/27 MP: 1/1
  1044 | D:2      | Slain by an adder

Illustrated notes

Levels and vault maps discovered:
D:1:      wander_arrival_fairy_ring, layout_loops_ring
D:2:      layout_basic, hellmonk_ecumenical_altar_pennies_from_heaven,
          kennysheep_crisscross, uniq_robin

Skill      XL: |  1  2 |
---------------+-------+-----
Fighting       | 4 |  4.0
Axes           | 4 |  4.1
Armour         | |  2.6
Dodging        | |  2.3

Action                   || total
-------------------------++-------
Melee: Hand axe          ||    35
       Headbutt          ||     3
Armor: Ring mail         ||     4
       Animal skin       ||     2
       Chain mail        ||     4
Dodge: Dodged            ||     9
Block: Tower shield      ||     5
